 Seeded DCSS version 0.29-a0-340-g6efceafd81 (webtiles) character file.

Game seed: 4051998689388717474 (custom seed)

273 zeratav the Ruffian (level 6, 48/59 HPs)
             Began as a Troll Fighter on Apr 19, 2022.
             Quit the game on level 3 of the Dungeon.
             The game lasted 00:03:16 (2193 turns).

zeratav the Ruffian (Troll Fighter)                 Turns: 2193, Time: 00:03:17

Health: 48/59      AC:  4    Str: 27    XL:     6   Next: 2%
Magic:  5/5        EV:  8    Int:  4    God:
Gold:   203        SH:  7    Dex:  9    Spells: 5/5 levels left

rFire   . . .      SeeInvis .     - Unarmed
rCold   . . .      Faith    .   b - +0 kite shield
rNeg    . . .      Spirit   .   a - +0 robe
rPois   .          Reflect  .   (helmet restricted)
rElec   .          Harm     .   (no cloak)
rCorr   .          Rampage  .   (gloves unavailable)
Will    .....                   (boots unavailable)
Stlth   +.........              (no amulet)
HPRegen 0.99/turn               (no ring)
MPRegen 0.09/turn               (no ring)

@: no status effects
A: large, unfitting armour, claws 3, regeneration 1, shaggy fur 1, tough skin 1
a: no special abilities


You were on level 3 of the Dungeon.
You visited 1 branch of the dungeon, and saw 3 of its levels.

You collected 203 gold pieces.


Innate Abilities, Weirdness & Mutations

You are too large for most types of armour.
You have claws for hands.
Your natural rate of healing is unusually fast.
You are covered in fur. (AC +1)
You have tough skin. (AC +1)


   Skills:
 - Level 2.4 Fighting
 - Level 2.4 Dodging
 - Level 2.4 Shields
 + Level 6.4 Unarmed Combat


You had 5 spell levels left.
You didn't know any spells.
Your spell library was empty.

Inventory:

Hand Weapons
 d - a +0 short sword {short}
   (You took it off a kobold on level 1 of the Dungeon)
 e - a +0 whip of venom {mace}
   (You took it off a kobold on level 1 of the Dungeon)
 f - a +0 club {mace}
   (You took it off a kobold on level 1 of the Dungeon)
 w - the +11 mace of Conscience {flame, rC+, mace}
   (You found it on level 3 of the Dungeon)

   It burns those it strikes, dealing additional fire damage.
   rC:        It protects you from cold.
Armour
 a - a +0 robe (worn)
 b - a +0 kite shield (worn)
 u - a +0 robe
   (You took it off Sigmund on level 3 of the Dungeon)
 v - a +0 cloak
   (You took it off Crazy Yiuf on level 3 of the Dungeon)
Jewellery
 i - an amulet of regeneration {@e2}
   (You found it on level 1 of the Dungeon)
 n - a ring of magical power
   (You found it on level 2 of the Dungeon)
Wands
 q - a wand of polymorph (7)
   (You found it on level 3 of the Dungeon)
Scrolls
 h - 5 scrolls of identify {unknown}
 j - a scroll of noise {unknown}
 l - a scroll of immolation {unknown}
 o - 3 scrolls of teleportation {unknown}
 p - a scroll of summoning {unknown}
 t - a scroll of enchant armour {unknown}
Potions
 c - 2 potions of might
 g - 3 potions of curing {unknown}
 k - 2 potions of haste {unknown}
 m - 3 potions of attraction {unknown}
 r - a potion of cancellation {unknown}
 s - a potion of mutation {unknown}

Dungeon Overview and Level Annotations

Branches:
Dungeon (3/15)

Altars:
Fedhas
Nemelex Xobeh
Okawaru
Qazlal

#.# ###.# #.#
#...# #.####.####
# #....#....####
###♣♣♣♣♣
####.##......#
##....♣.♣♣♣#####
#.#..<.†..'
##...PP.♣..♣#...#
#.#.......#
#......♣♣♣♣.')..#
#.#.......#
#.....♣♣ ♣♣#..@#
#.#.......#
#.###♣♣ #####
#.##....... #.#
####....#.##.. #.#
#............. #.#
#############.##.#
#.#
#>................
#.#
###....#########.#
#.# #..).# #<..#
#.# #....# #####


There were no monsters in sight!


Message History

You are too injured to fight recklessly!
You are too injured to fight recklessly!
You are too injured to fight recklessly!
You are too injured to fight recklessly!
You are too injured to fight recklessly!
You are too injured to fight recklessly!
You are too injured to fight recklessly!
You are too injured to fight recklessly!
You are too injured to fight recklessly!
You are too injured to fight recklessly!
You are too injured to fight recklessly!
You are too injured to fight recklessly!
You are too injured to fight recklessly!
You are too injured to fight recklessly!
Sigmund barely misses you.
HP[+1]
You claw Sigmund!
HP[+1]
You scratch Sigmund.
Sigmund hits you with a +2 scythe of venom!
* * * LOW HITPOINT WARNING * * *
You are poisoned.
HP[-11]
You take 11 damage, and now have 21/44 hp.
MASSIVE DAMAGE!! (PAUSE)
You scratch Sigmund but do no damage.
You feel very sick.
Sigmund points at you and mumbles some strange words.
You are confused.
HP[-2]
You take 2 damage, and now have 19/44 hp.
You mangle Sigmund!!
You kill Sigmund!
You feel sick.
Your Unarmed Combat skill gained 2 levels and is now at level 6!
You have reached level 5!
HP[+2] MP[+1]
You now have 50 max hp (+6).
You regained 2 hp, and now have 21/50 hp.
Your mp is fully restored (4).
You feel sick.
HP[-1]
You take 1 damage, and now have 20/50 hp.
You feel sick.
You feel sick.
u - a +0 robe You see here a +2 scythe of venom {polearm}.
You feel sick.
You feel sick.
HP[-1]
You take 1 damage, and now have 19/50 hp.
You start resting.
You feel less confused.
You feel sick. x2
You are no longer poisoned.
HP[+31]
Your hp is fully restored (50).
You start waiting.
Done waiting.
You now have 203 gold pieces (gained 11).
You start waiting.
Done waiting.
Crazy Yiuf shouts!
You open the door. You block Crazy Yiuf's attack.
There is an open translucent door here.
You mangle Crazy Yiuf!!
Crazy Yiuf laughs, "Proton disdain down!"
Crazy Yiuf hits you with a +3 quarterstaff of chaos!
Crazy Yiuf burns you.
HP[-12]
You take 12 damage, and now have 38/50 hp.
MASSIVE DAMAGE!! (PAUSE)
You barely miss Crazy Yiuf. Crazy Yiuf barely misses you.
HP[+1]
You barely miss Crazy Yiuf.
Crazy Yiuf hits you with a +3 quarterstaff of chaos.
HP[-3]
You take 3 damage, and now have 36/50 hp.
You claw Crazy Yiuf!
You kill Crazy Yiuf!
You have reached level 6!
You feel stronger.
HP[+8] MP[+1]
You now have 59 max hp (+9).
You regained 8 hp, and now have 44/59 hp.
Your mp is fully restored (5).
v - a +0 cloak You see here a +3 quarterstaff of chaos {staff}.
HP[+1] HP[+1]
w - the +11 mace of Conscience {flame, rC+, mace} HP[+2]
You regained 2 hp, and now have 48/59 hp. 🤖 Initializing magus.rc ... ✅ Successfully initialized magus.rc [v1.9.6] Welcome back, zeratav the Troll Fighter.
Game seed: 4051998689388717474 (custom seed) Press ? for a list of commands and other information.
Are you sure you want to abandon this character and quit the game? (Confirm with "yes".)

Skill      XL: |  1  2  3  4 |
---------------+-------------+-----
Unarmed Combat | 3 4 6 |  6.4
Fighting       | |  2.4
Dodging        | |  2.4
Shields        | |  2.4

Action                   |  1- 3 |  4- 6 || total
-------------------------+-------+-------++-------
Melee: Unarmed           |   100 |    14 ||   114
 Stab: Sleeping          |     1 |       ||     1
Armor: Robe              |    26 |       ||    26
Dodge: Dodged            |    28 |     4 ||    32
Block: Kite shield       |    28 |     2 ||    30

Levels and vault maps discovered:
D:1:      amcnicky_arrival_choice, layout_rooms, minmay_bisected
D:2:      layout_loops_ring, ebering_ecumenical_altar_hall
D:3:      layout_basic, grunt_temple_overflow_cloverleaf, uniq_natasha,
          uniq_sigmund, uniq_crazy_yiuf_cottage

Notes
Turn   | Place    | Note
-------+----------+-------------------------------------------
     0 | D:1      | zeratav the Troll Fighter began the quest for the Orb.
     0 | D:1      | Reached XP level 1. HP: 22/22 MP: 0/0
     0 | D:1      | magus.rc [v1.9.6]
   138 | D:1      | Reached XP level 2. HP: 29/29 MP: 1/1
   169 | D:1      | Reached skill level 3 in Unarmed Combat
   652 | D:2      | Reached XP level 3. HP: 36/36 MP: 2/2
   692 | D:2      | Found a faded altar of an unknown god.
   819 | D:2      | Reached skill level 4 in Unarmed Combat
  1219 | D:3      | Found a stormy altar of Qazlal.
  1248 | D:3      | Found a sparkling altar of Nemelex Xobeh.
  1251 | D:3      | Found a blossoming altar of Fedhas.
  1263 | D:3      | Found an iron altar of Okawaru.
  1468 | D:3      | Noticed Natasha
  1475 | D:3      | Killed Natasha
  1476 | D:3      | Reached XP level 4. HP: 37/44 MP: 3/3
  1585 | D:3      | Noticed Sigmund
  1713 | D:3      | Found a runed translucent door.
  1714 | D:3      | Noticed Crazy Yiuf
  1837 | D:3      | Killed Sigmund
  1838 | D:3      | Reached skill level 6 in Unarmed Combat
  1838 | D:3      | Reached XP level 5. HP: 21/50 MP: 4/4
  2187 | D:3      | Killed Crazy Yiuf
  2188 | D:3      | Reached XP level 6. HP: 44/59 MP: 5/5
  2191 | D:3      | Identified the +11 mace of Conscience {flame, rC+}
  2193 | D:3      | Upgraded the game from 0.29-a0-338-g1ff7896281 to
                  | 0.29-a0-340-g6efceafd81
  2193 | D:3      | magus.rc [v1.9.6]
  2193 | D:3      | Quit the game

Vanquished Creatures
  Sigmund (D:3)
  Crazy Yiuf (D:3)
  Natasha (D:3)
  An adder (D:2)
  A worm (D:2)
  A dart slug (D:2)
  An orc (D:3)
  3 endoplasms
  2 giant cockroaches
  8 hobgoblins
  5 quokkas
  8 ball pythons
  A bat (D:1)
  3 frilled lizards
  A goblin (D:2)
  6 kobolds
  4 rats (D:1)
48 creatures vanquished.

Table legend:
 A = Non-vault XP
 B = Vault XP
 C = Vault XP percentage of total XP
 D = Non-vault monster count
 E = Vault monster count
 F = Vault count percentage of total count
                 A         B        C        D         E       F
            +---------+---------+-------+---------+---------+-------
      Total |      80 |     310 |  79.5 |      40 |       8 |  16.7
            +---------+---------+-------+---------+---------+-------
        D:1 |      18 |       8 |  30.8 |      13 |       5 |  27.8
        D:2 |      44 |       0 |   0.0 |      17 |       0 |   0.0
        D:3 |      18 |     302 |  94.4 |      10 |       3 |  23.1
            +---------+---------+-------+---------+---------+-------

Illustrated notes

Table legend:
 A = Kills in this place as a percentage of kills in entire the game.
 B = Kills by you in this place as a percentage of kills by you in the entire game.
 C = Kills by friends in this place as a percentage of kills by friends in the entire game.
 D = Other kills in this place as a percentage of other kills in the entire game.
 E = Experience gained in this place as a percentage of experience gained in the entire game.
 F = Experience gained in this place divided by the number of levels of this place that you have seen.
                   A       B       C       D       E      F
               +-------+-------+-------+-------+-------+----------------------
         Total | 100.0 | 100.0 |   N/A |   N/A | 100.0 | 130.0
       Dungeon | 100.0 | 100.0 |   N/A |   N/A | 100.0 | 130.0
               +-------+-------+-------+-------+-------+----------------------

Table legend: (Time is in decaauts)
 A = Elapsed time spent in this place.
 B = Non-inter-level travel time spent in this place.
 C = Inter-level travel time spent in this place.
 D = Time resting spent in this place.
 E = Time spent auto-exploring this place.
 F = Levels seen in this place.
 G = Mean time per level.
                   A        B        C        D        E       F      G
               +--------+--------+--------+--------+--------+-----+--------+
         Total |   2200 |   2012 |    188 |    234 |   1495 |   3 |  733.3 |
       Dungeon |   2200 |   2012 |    188 |    234 |   1495 |   3 |  733.3 |
               +--------+--------+--------+--------+--------+-----+--------+

Top non-repeatable levels by time:
     D:3: 1086 daAuts
     D:2: 611 daAuts
     D:1: 502 daAuts
